Map: Dusk Towers

Players

Petraeus

  • Race: Zerg Zerg
  • League: Grandmaster

Kelazhur - Winner!

  • Race: Terran Terran
  • League: Master

VOD

Have the link to the VOD?

Description

Time

  • Played on: Dec. 20, 2015, 2:40 a.m.
  • Length: 21:20
Show
View Real Time Build Order
Export as new Build Order

Petraeus Zerg 

Build Orders: Hatch First 

Get SALT Encoding   

  12  0:01  Drone  
  13  0:13  Overlord  
  13  0:16  Drone  
  14  0:31  Drone x2  
  14  0:35  Drone  
  17  0:52  Hatchery  
  17  0:54  Drone  
  17  0:57  Drone  
  18  1:11  Spawning Pool  
  17  1:13  Extractor  
  17  1:15  Drone  
  18  1:18  Drone  
  18  1:28  Drone  
  19  1:40  Overlord  
  19  1:49  Drone  
  20  1:57  Queen  
  20  2:00  Zergling x2  
  23  2:03  Queen  
  23  2:05  Zergling x2  
  26  2:18  Drone  
  26  2:24  Metabolic Boost  
  26  2:27  Zergling x2  
  26  2:29  Drone x2  
  29  2:33  Queen  
  31  2:37  Zergling x2  
  31  2:41  Queen  
  34  2:46  Overlord  
  33  2:55  Zergling x4  
  35  3:06  Zergling x8  
  39  3:17  Zergling x10  
  43  3:28  Zergling x2  
  43  3:29  Overlord  
  44  3:38  Queen  
  40  3:49  Drone x5  
  40  3:50  Drone  
  40  3:51  Drone x3  
  40  3:52  Drone  
  40  3:53  Drone  
  49  4:09  Hatchery  
  48  4:10  Drone  
  48  4:12  Drone  
  48  4:16  Overlord  
  50  4:17  Drone  
  51  4:24  Roach Warren, Drone  
  51  4:28  Drone  
  52  4:34  Overlord  
  52  4:35  Extractor  
  52  4:36  Drone x2  
  52  4:37  Drone  
  54  4:45  Drone  
  54  4:48  Drone  
  54  4:52  Drone  
  56  4:56  Drone x2  
  58  5:00  Overlord  
  58  5:03  Evolution Chamber  
  57  5:08  Roach x3  
  57  5:09  Roach  
  57  5:13  Drone  
  66  5:14  Lair  
  66  5:20  Overlord  
  66  5:24  Drone x2  
  66  5:25  Drone x3  
  71  5:29  Drone  
  71  5:32  Drone, Extractor  
  71  5:35  Zerg Missile Weapons Level 1, Drone  
  72  5:36  Drone x2  
  72  5:39  Overlord  
  76  5:42  Drone  
  76  5:47  Drone  
  77  5:52  Spore Crawler  
  77  5:53  Hatchery  
  77  5:55  Drone  
  77  5:56  Drone x4  
  80  5:58  Drone  
  80  6:00  Extractor  
  80  6:01  Extractor  
  80  6:02  Drone x4  
  80  6:03  Ravager  
  80  6:04  Ravager  
  85  6:08  Drone x2  
  85  6:10  Drone x3  
  89  6:12  Overlord  
  89  6:13  Glial Reconstitution  
  89  6:18  Spore Crawler  
  88  6:19  Queen  
  90  6:29  Overlord, Queen  
  90  6:31  Drone  
  90  6:32  Extractor  
  94  6:33  Roach x3  
  98  6:40  Overlord x3  
  98  6:46  Overlord  
  98  6:51  Drone x3  
  98  6:52  Drone x2  
  103  6:54  Spore Crawler, Roach  
  103  6:55  Roach  
  103  6:57  Infestation Pit  
  103  6:59  Overlord  
  105  7:02  Overseer  
  105  7:08  Drone x8  
  113  7:12  Roach x3  
  119  7:20  Ravager x7  
  126  7:26  Drone x2, Spore Crawler  
  127  7:35  Hive  
  127  7:36  Overlord x2  
  127  7:38  Drone  
  127  7:40  Evolution Chamber  
  127  7:41  Zerg Missile Weapons Level 2, Extractor  
  127  7:42  Drone x2, Extractor  
  127  7:43  Drone x3  
  127  7:44  Drone  
  130  7:56  Roach x3  
  130  7:57  Drone  
  135  7:59  Zergling x18  
  132  8:13  Drone x3  
  132  8:14  Drone x2  
  132  8:15  Zerg Ground Armor Level 1  
  124  8:23  Roach x8  
  122  8:36  Ravager x3  
  125  8:44  Overlord x2, Overseer  
  125  8:45  Pneumatized Carapace  
  125  8:47  Hatchery  
  124  8:53  Drone, Adrenal Glands  
  125  8:56  Zergling x2  
  125  8:57  Ultralisk Cavern, Zergling x14  
  132  9:10  Queen x2  
  132  9:11  Queen  
  138  9:18  Zergling x2  
  138  9:19  Zergling x14  
  138  9:20  Infestor x2  
  142  9:28  Queen  
  142  9:29  Drone x4  
  145  9:44  Chitinous Plating  
  145  9:45  Ultralisk x3  
  163  9:46  Ultralisk  
  167  9:55  Zergling x2  
  167  9:56  Overlord  
  167  9:57  Overlord x2  
  167  9:59  Zerg Melee Weapons Level 1  
  167  10:01  Queen  
  167  10:06  Queen  
  171  10:09  Overlord x2, Zerg Ground Armor Level 2  
  171  10:18  Ultralisk x2  
  171  10:19  Zergling x4  
  170  10:32  Ultralisk, Zergling x16  
  175  10:38  Ultralisk  
  175  10:39  Zergling x2  
  175  10:42  Queen  
  184  10:46  Queen  
  185  10:55  Ultralisk, Zergling x8  
  185  10:56  Zergling x2  
  196  10:59  Queen  
  196  11:03  Pathogen Glands  
  198  11:07  Overseer  
  198  11:08  Spire  
  198  11:11  Drone  
  186  11:31  Infestor x3  
  186  11:32  Infestor  
  189  11:34  Zergling x18  
  198  11:43  Overlord x2  
  198  11:47  Spine Crawler x2, Queen  
  197  11:48  Spore Crawler, Spine Crawler, Queen  
  197  11:50  Drone, Spine Crawler  
  197  11:53  Zerg Melee Weapons Level 2  
  198  12:03  Drone x2  
  196  12:14  Zergling x2  
  196  12:15  Zergling x6  
  197  12:28  Queen  
  197  12:29  Zerg Ground Armor Level 3  
  169  12:49  Ultralisk x5  
  195  13:00  Zergling x12  
  195  13:01  Zergling x2  
  199  13:10  Queen  
  199  13:11  Queen  
  197  13:15  Queen  
  197  13:16  Zerg Flyer Weapons Level 1  
  197  13:17  Queen  
  197  13:19  Infestor x3  
  197  13:31  Zergling x4  
  198  13:38  Zergling x10  
  200  13:42  Spine Crawler, Extractor  
  200  13:43  Extractor  
  200  13:45  Drone x3, Queen  
  200  13:46  Spine Crawler x2  
  200  13:47  Drone x2  
  200  13:48  Drone x2, Spine Crawler x2  
  198  13:52  Spine Crawler  
  198  13:55  Overseer  
  192  14:15  Infestor x2  
  196  14:21  Queen  
  196  14:35  Zergling x2  
  196  14:36  Zergling x4  
  127  15:09  Ultralisk x4  
  127  15:11  Zergling x2  
  127  15:12  Zergling x20  
  160  15:14  Spire, Greater Spire  
  160  15:19  Queen  
  160  15:21  Zerg Melee Weapons Level 3, Zerg Missile Weapons Level 3  
  161  15:23  Extractor  
  161  15:26  Spine Crawler  
  161  15:27  Drone  
  161  15:28  Drone x2, Spine Crawler  
  162  15:33  Ultralisk x3  
  162  15:34  Infestor x2  
  183  15:36  Hatchery, Burrow  
  182  15:54  Ultralisk x2  
  190  16:04  Infestor  
  190  16:05  Infestor  
  190  16:07  Overlord x3  
  189  16:35  Zerg Flyer Weapons Level 2  
  189  16:36  Zerg Flyer Armor Level 1  
  189  16:37  Queen  
  189  16:38  Hatchery, Corruptor x5  
  197  17:13  Zergling x6  
  196  17:29  Viper x2  
  197  18:00  Zergling x6  
  194  18:07  Extractor x2  
  174  18:13  Ultralisk x2  
  174  18:16  Brood Lord x5  
  174  18:17  Corruptor x2  
  200  18:31  Zerg Flyer Armor Level 2  
  198  18:35  Spine Crawler  
  198  18:38  Spine Crawler  
  198  18:39  Drone x4, Spine Crawler  
  198  18:40  Spine Crawler  
  198  18:42  Spine Crawler  
  197  18:56  Overseer  
  183  19:08  Corruptor x3  
  183  19:09  Corruptor  
  195  19:18  Hatchery  
  185  19:31  Ultralisk x2  
  197  19:43  Brood Lord  
  197  19:44  Brood Lord x2  
  199  19:46  Zergling x2  
  199  20:21  Infestor x2  
  196  20:45  Zergling x6  
Show
View Real Time Build Order
Export as new Build Order

Kelazhur Terran - Winner!

Build Orders: MMM Bio 

Get SALT Encoding   

  12  0:00  SCV  
  13  0:13  SCV  
  14  0:18  Supply Depot  
  14  0:25  SCV  
  15  0:41  Barracks  
  15  0:43  Refinery  
  15  0:56  Barracks  
  15  1:00  SCV  
  16  1:12  SCV  
  18  1:28  Reaper, Orbital Command  
  18  1:41  Supply Depot  
  18  1:44  Bunker  
  18  1:46  Reaper  
  19  1:54  SCV  
  20  2:05  Reaper, Refinery  
  20  2:06  SCV  
  22  2:18  SCV  
  23  2:24  Reaper  
  24  2:30  SCV  
  25  2:42  SCV  
  27  2:44  Reaper  
  27  2:56  Reaper  
  27  2:57  SCV  
  30  3:24  Command Center  
  30  3:26  Command Center  
  30  3:32  SCV  
  30  3:35  Factory  
  29  3:51  SCV  
  25  4:03  SCV  
  25  4:07  Supply Depot  
  26  4:14  Bunker  
  26  4:15  SCV  
  27  4:19  Hellion  
  27  4:20  Starport  
  29  4:27  SCV, Marine  
  29  4:29  Marine  
  32  4:39  SCV, Orbital Command x2  
  32  4:42  Factory Reactor  
  33  4:52  SCV  
  34  4:57  Barracks Reactor, Barracks Tech Lab  
  34  4:58  Starport Tech Lab  
  34  5:04  SCV  
  34  5:05  SCV x2  
  37  5:16  SCV  
  37  5:17  Banshee, Cloaking Field, SCV  
  37  5:19  Stimpack  
  42  5:22  SCV  
  42  5:24  Hellion x2  
  42  5:28  SCV  
  48  5:29  SCV  
  48  5:34  SCV, Marine x3  
  53  5:40  SCV  
  53  5:41  SCV  
  55  5:46  SCV, Engineering Bay  
  55  5:48  Engineering Bay  
  55  5:49  Hellion x2  
  60  5:52  SCV  
  60  5:54  Marine x3  
  64  5:58  SCV  
  64  6:00  Supply Depot  
  64  6:01  Supply Depot  
  65  6:04  Banshee  
  68  6:11  SCV  
  68  6:12  Refinery x2  
  69  6:20  Terran Infantry Weapons Level 1, Supply Depot  
  69  6:22  SCV x2  
  69  6:23  Terran Infantry Armor Level 1  
  71  6:27  Factory Tech Lab  
  71  6:30  SCV  
  72  6:33  Marine  
  72  6:35  Marine  
  72  6:37  Barracks  
  72  6:39  Barracks, Marauder  
  76  6:43  SCV  
  77  6:47  Siege Tank  
  77  6:48  Orbital Command  
  80  6:58  Supply Depot, Barracks, Armory  
  81  7:01  SCV  
  81  7:05  Reaper  
  81  7:08  SCV  
  83  7:13  SCV, Marauder  
  86  7:15  Medivac  
  86  7:17  SCV  
  86  7:19  Siege Tank  
  86  7:20  SCV, Supply Depot  
  93  7:25  SCV  
  93  7:29  SCV, Refinery  
  95  7:32  SCV, Barracks x2  
  95  7:33  Combat Shields, Barracks, Barracks Reactor x2  
  95  7:35  Marauder, Marine  
  99  7:37  SCV, Marine  
  99  7:42  SCV, Medivac  
  104  7:44  SCV  
  102  7:53  Marine  
  102  7:54  Marauder  
  102  7:55  Marine  
  102  7:57  SCV x3, Supply Depot  
  102  7:58  Supply Depot  
  109  8:03  Terran Vehicle Weapons Level 1  
  109  8:04  Supply Depot  
  109  8:06  Refinery  
  109  8:08  Medivac  
  109  8:09  SCV x2  
  109  8:10  SCV  
  103  8:18  Marauder, Marine x5  
  103  8:19  Terran Infantry Weapons Level 2  
  93  8:29  Terran Infantry Armor Level 2  
  93  8:33  SCV x2  
  95  8:36  Command Center, Barracks Tech Lab  
  95  8:37  Barracks Reactor  
  95  8:38  Barracks Tech Lab  
  95  8:39  Concussive Shells  
  95  8:42  Marine x4  
  95  8:45  Marauder x2  
  103  8:54  Marine  
  103  8:55  Marauder, Marine  
  107  8:58  Marauder  
  107  8:59  Siege Tank, Marine  
  107  9:00  Marine x3  
  107  9:01  Medivac  
  118  9:08  Medivac  
  118  9:09  Supply Depot  
  120  9:13  Marine, Marauder x2  
  120  9:14  Marine  
  120  9:15  Supply Depot  
  120  9:16  Marauder  
  124  9:31  Medivac  
  126  9:34  Marauder  
  126  9:35  Marine x7  
  126  9:37  Siege Tank  
  126  9:38  Medivac  
  140  9:50  Marauder, Marine x2  
  140  9:51  Marauder  
  146  9:53  Marine x7  
  146  9:55  Marine  
  154  10:01  Medivac  
  154  10:07  Ghost Academy, Medivac  
  156  10:09  Marauder  
  156  10:11  Supply Depot  
  156  10:12  Supply Depot x2, Marauder  
  156  10:13  Missile Turret  
  161  10:17  Marine, Marauder  
  162  10:27  Siege Tank  
  141  10:38  Ghost x2  
  141  10:39  Ghost  
  141  10:40  Marine x2  
  141  10:41  Planetary Fortress, Marine  
  145  10:46  Marauder  
  145  10:55  Marine x3  
  145  10:56  Marine  
  146  10:59  Terran Infantry Weapons Level 3  
  146  11:07  Marauder  
  146  11:08  Marauder  
  140  11:24  Ghost x2  
  144  11:26  Liberator x2  
  144  11:35  Ghost x2  
  144  11:39  Marine x5  
  153  11:45  Marine  
  160  11:49  SCV x3  
  160  11:53  Command Center, Ghost, Marine  
  166  11:57  Terran Infantry Armor Level 3  
  166  12:15  Ghost x3  
  162  12:16  Marine x4  
  166  12:40  Supply Depot  
  165  12:46  Ghost  
  165  12:47  Ghost  
  165  12:56  Ghost x2  
  169  13:02  Marine  
  169  13:03  Marine x5  
  174  13:15  Ghost, Marine  
  174  13:16  Marauder  
  179  13:23  SCV  
  179  13:24  SCV x2  
  179  13:25  Command Center  
  182  13:35  SCV  
  182  13:36  SCV  
  184  13:49  Missile Turret  
  184  13:51  Ghost  
  184  13:52  Ghost  
  188  13:58  Supply Depot  
  188  14:02  Liberator x2  
  188  14:22  Personal Cloaking  
  194  14:33  Marauder x3, Marine x5  
  123  15:00  Liberator x2  
  123  15:03  Marauder x3, Marine x9  
  136  15:33  Ghost x2  
  136  15:34  Ghost x2, Marine  
  136  15:35  Marine x7  
  145  15:36  Missile Turret  
  145  15:43  Liberator x2  
  145  15:52  Marine  
  145  15:55  Marine x7  
  153  16:02  Ghost x3, Marine  
  166  16:12  Marine  
  167  16:18  Hi-Sec Auto Tracking  
  167  16:23  Refinery x2  
  169  16:28  Marine  
  169  16:30  Ghost  
  169  16:31  Marine x4  
  176  16:33  Ghost x2  
  176  16:39  Planetary Fortress  
  178  16:43  Medivac x2  
  181  16:50  SCV x2  
  181  16:51  SCV  
  178  16:58  Liberator x2  
  178  17:02  SCV  
  178  17:03  SCV  
  186  17:30  Command Center, Refinery  
  186  17:31  Planetary Fortress  
  186  17:40  Refinery  
  186  17:41  Missile Turret  
  186  17:42  Refinery  
  173  18:22  Command Center  
  173  18:25  Supply Depot  
  173  18:26  Supply Depot  
  173  18:41  Medivac x2  
  173  18:42  Orbital Command  
  177  18:51  Missile Turret  
  179  19:30  Marine  
  184  19:32  Ghost x2  
  184  19:33  Ghost  
  181  19:54  Command Center  
  181  20:31  Ghost x2  
  181  20:32  Ghost x2  
Tags
 
Add a new tag
Caveats
  • Supply blocks, unpowered buildings, or Contaminate may cause inaccurate times.
  • Supply counts are checked every 10 seconds.